 Dungeon Crawl Stone Soup version 0.29.1-13-g9f3cf754e1 (webtiles) character file.

Game seed: 17409744659933034839

566 javelincjr the Magician (level 7, -6/48 HPs)
             Began as a Djinni Fire Elementalist on Jan 27, 2023.
             Mangled by Duvessa
             ... wielding a +0 short sword of speed
              (10 damage)
             ... on level 4 of the Dungeon.
             The game lasted 00:29:08 (4550 turns).

javelincjr the Magician (Djinni Fire Elementalist)  Turns: 4550, Time: 00:29:08

Health: -6/48      AC:  2    Str:  9    XL:     7   Next: 59%
Gold:   84         EV: 21    Int: 16    God:
                   SH:  0    Dex: 19

rFire   . . .      SeeInvis .   (weapon currently unavailable)
rCold   + . .      Faith    .   (shield currently unavailable)
rNeg    . . .      Spirit   .   (body armour currently unavailable)
rPois   ∞          Reflect  .   (helmet currently unavailable)
rElec   .          Harm     .   (cloak currently unavailable)
rCorr   .          Rampage  .   (gloves currently unavailable)
Will    .....                   (boots unavailable)
Stlth   +++.......              (no amulet)
HPRegen 0.16/turn               i - ring of protection from cold
MPRegen 0.00/turn               (no ring)

@: about to teleport, spider-form (expiring), flying
A: venomous fangs, flying, sickness immunity, tiny, (fire resistance 2), (cold
vulnerability 1), float, innate caster, HP casting, extra vitality 1,
(iridescent scales 1), (shaggy fur 1)
a: End Transformation


You were on level 4 of the Dungeon.
You were a venomous arachnid creature.
You visited 1 branch of the dungeon, and saw 4 of its levels.

You collected 164 gold pieces.
You spent 80 gold pieces at shops.

Inventory:

Hand Weapons
 c - a +0 battleaxe
 l - a +2 dagger of electrocution
 n - a +1 spear of venom
 t - a +5 quarterstaff of chaos
Missiles
 o - a throwing net
Armour
 a - a +0 robe (melded)
 g - a +2 pair of gloves (melded)
 u - a +0 cloak (melded)
Magical Staves
 d - a staff of conjuration (melded)
Jewellery
 i - a ring of protection from cold (left front leg)
Scrolls
 e - a scroll of enchant weapon
 m - 2 scrolls of immolation
Potions
 b - a potion of might
 f - 5 potions of curing
 j - 3 potions of haste {unknown}
 p - a potion of flight {unknown}
 q - 2 potions of heal wounds
 r - a potion of degeneration {unknown}
 s - a potion of attraction {unknown}
 v - a potion of resistance {unknown}


   Skills:
 + Level 1.8 Fighting
 + Level 1.0 Axes
 + Level 1.9 Staves
 + Level 3.2 Dodging
 + Level 3.1 Stealth
 + Level 4.8 Spellcasting


You couldn't memorise any spells.
You knew the following spells:

 Your Spells              Type           Power      Damage    Failure   Level
a - Foxfire               Conj/Fire      76%        2x1d7     9%          1
b - Scorch                Fire           38%        2d7       11%         2
c - Conjure Flame         Conj/Fire      19%        6-21      17%         3
d - Inner Flame           Hex/Fire       19%        N/A       17%         3
e - Flame Wave            Conj/Fire      19%        2d7       43%         4
f - Necrotise             Necr           76%        1d7       9%          1
g - Static Discharge      Conj/Air       19%        3-6/arc   11%         2
h - Spider Form           Tmut/Pois      19%        N/A       17%         3
Your spell library was empty.

Dungeon Overview and Level Annotations

Branches:
Dungeon (4/15)
 Temple: D:4-7

Altars:

Shops:
D:3 !

Portals:
Abyss: D:3

Annotations:
D:3 2 transporters, hawla's ghost, weakling MeIE
D:4 Dowan; Duvessa


Innate Abilities, Weirdness & Mutations

You are a venomous arachnid creature.
You have poisonous fangs.
You are tiny and dextrous.
You are flying.
Your spellcasting is less reliable in this form.
Your armour is entirely melded.
You are incapable of wielding weapons or throwing items.
You are immune to sickness and miasma.
You are immune to poison.
((Your flesh is very heat resistant. (rF++)))
((You are vulnerable to cold. (rC-)))
You float through the air rather than walking.
You learn spells naturally, not from books.
Your magical power is your life essence.
You have superior vitality. (+4 MHP)
((You are partially covered in iridescent scales. (AC +2)))
((You are covered in fur. (AC +1)))


Message History

Found a stone staircase leading down.
You closely miss Dowan.
Dowan points at Duvessa and mumbles some strange words.
Duvessa shouts!
Duvessa seems to speed up.
You hit Dowan but do no damage.
Dowan is poisoned.
The jackal closely misses you. Dowan closely misses you. The jackal misses you.
You hit Duvessa but do no damage.
Duvessa is poisoned.
Duvessa hits you with a +0 short sword of speed.
Dowan hits you with a +0 dagger of venom.
The jackal bites you.
Duvessa hits you with a +0 short sword of speed.
You completely miss the jackal.
Duvessa hits you with a +0 short sword of speed!
The jackal misses you. Dowan completely misses you. Duvessa misses you.
You hit the jackal but do no damage.
The jackal is poisoned.
The jackal bites you but does no damage.
Duvessa gestures with her weapon.
Duvessa closely misses you.
Dowan hits you with a +0 dagger of venom.
* * * LOW HITPOINT WARNING * * *
Duvessa closely misses you. The jackal completely misses you.
Dowan mumbles some strange words.
Dowan blinks!
The jackal barely misses you. Duvessa misses you.
The jackal attacks as you move away! The jackal completely misses you.
Duvessa attacks as you move away!
Duvessa hits you with a +0 short sword of speed.
* * * LOW HITPOINT WARNING * * *
The jackal closely misses you. Duvessa completely misses you.
The jackal attacks as you move away! The jackal completely misses you.
Your transformation is almost over.
Duvessa completely misses you. Dowan closely misses you.
Duvessa hits you with a +0 short sword of speed.
* * * LOW HITPOINT WARNING * * *
Duvessa barely misses you.
As you read the scroll of teleportation, it crumbles to dust.
You feel strangely unstable.
Duvessa hits you with a +0 short sword of speed!
You die...

...............
.... #.
...............
.....#.#
..........?....
......#.#
...............
..#...#.#
.........#####.
#........
........##
.........
#......he#
#........
########e#
#........ #s#
#........ #.#
#........ #.#
#........ #.##
#........
#..###
#........
##...#
#........
###.##
#........ #..##
#........
##..###........


You could see Duvessa (fast, poisoned), Dowan (poisoned) and a jackal
(poisoned).

Vanquished Creatures
  A black bear (D:4)
  A centaur (D:4)
  A scorpion (D:4)
  Crazy Yiuf (D:3)
  2 hounds (D:4)
  Natasha (thrice) (D:2)
  Robin (D:3)
  3 gnolls (D:4)
  3 adders
  A worm (D:1)
  A dart slug (D:1)
  An orc (D:3)
  7 endoplasms
  7 giant cockroaches
  15 goblins
  16 hobgoblins
  3 jackals (D:4)
  2 quokkas (D:2)
  10 ball pythons
  7 bats
  7 frilled lizards
  5 kobolds
  4 rats
102 creatures vanquished.

Vanquished Creatures (others)
  207 foxfires
  5 withered plants (D:2)
212 creatures vanquished.

Grand Total: 314 creatures vanquished

Notes
Turn   | Place    | Note
-------+----------+-------------------------------------------
     0 | D:1      | javelincjr the Djinni Fire Elementalist began the quest for
                  | the Orb.
     0 | D:1      | javelincjr set off with the following spells memorised:
                  | Foxfire, Scorch, Conjure Flame, Inner Flame, Flame Wave.
     0 | D:1      | Reached XP level 1. HP: 15/15 MP: 0/0
   273 | D:1      | Reached XP level 2. HP: 21/21 MP: 0/0
   860 | D:1      | Reached XP level 3. HP: 21/26 MP: 0/0
   860 | D:1      | Learned a level 1 spell: Necrotise
  1020 | D:1      | Reached skill level 3 in Spellcasting
  1736 | D:2      | Reached XP level 4. HP: 29/31 MP: 0/0
  1834 | D:2      | Reached skill level 1 in Fighting
  1842 | D:2      | Noticed Natasha
  1849 | D:2      | Killed Natasha
  1994 | D:2      | Noticed Natasha
  1998 | D:2      | Killed Natasha
  1999 | D:2      | Reached XP level 5. HP: 23/37 MP: 0/0
  1999 | D:2      | Learned a level 2 spell: Static Discharge
  2059 | D:2      | Noticed Natasha
  2065 | D:2      | Killed Natasha
  2066 | D:2      | Reached skill level 1 in Axes
  2066 | D:2      | Reached skill level 1 in Staves
  2206 | D:2      | Found a faded altar of an unknown god.
  2624 | D:3      | Noticed Robin
  2632 | D:3      | Killed Robin
  2956 | D:3      | Noticed a small abomination
  2960 | D:3      | Found a transporter.
  3017 | D:3      | Found a transporter.
  3130 | D:3      | Reached XP level 6. HP: 37/42 MP: 0/0
  3458 | D:3      | Found Veurcheng's Distillery.
  3467 | D:3      | Bought a potion of heal wounds for 50 gold pieces
  3467 | D:3      | Bought a potion of curing for 30 gold pieces
  3499 | D:3      | Noticed a small abomination
  3505 | D:3      | Found a one-way gate to the infinite horrors of the Abyss.
  3505 | D:3      | Noticed hawla's ghost (weakling MeIE)
  3646 | D:3      | Found a runed translucent door.
  3647 | D:3      | Noticed Crazy Yiuf
  3660 | D:3      | Killed Crazy Yiuf
  3880 | D:3      | Gained mutation: You are somewhat resistant to further
                  | mutation. [potion of mutation]
  3880 | D:3      | Gained mutation: You have sharp fingernails. [potion of
                  | mutation]
  3889 | D:4      | Reached skill level 4 in Spellcasting
  3895 | D:4      | Noticed a black bear
  3904 | D:4      | Killed a black bear
  3905 | D:4      | Reached XP level 7. HP: 37/48 MP: 0/0
  3905 | D:4      | Learned a level 3 spell: Spider Form
  4436 | D:4      | Lost mutation: You have sharp fingernails. [potion of
                  | mutation]
  4436 | D:4      | Lost mutation: You are somewhat resistant to further
                  | mutation. [potion of mutation]
  4436 | D:4      | Gained mutation: You are partially covered in iridescent
                  | scales. (AC +2) [potion of mutation]
  4436 | D:4      | Gained mutation: You are covered in fur. (AC +1) [potion of
                  | mutation]
  4523 | D:4      | Noticed Duvessa
  4523 | D:4      | Noticed Dowan
  4550 | D:4      | Mangled by Duvessa

Illustrated notes

Levels and vault maps discovered:
D:1:      saegor_arrival_simple_c, layout_loops_ring, nicolae_wormholes
D:2:      layout_rooms, ebering_ecumenical_altar_petrified, minmay_ruptured,
          uniq_natasha
D:3:      layout_loops_ring, gammafunk_ghost_abyssal_escape, serial_shops, shop,
          uniq_robin, uniq_crazy_yiuf_cottage
D:4:      layout_basic, vehumet_crystals, uniq_duvessa

Skill      XL: |  1  2  3  4  5  6 |
---------------+-------------------+-----
Spellcasting   | 3 4 |  4.8
Stealth        | 2 3 |  3.1
Fighting       | 1 |  1.8
Axes           | 1 |  1.0
Staves         | 1 |  1.9
Dodging        | 3 |  3.2

Action                   |  1- 3 |  4- 6 |  7- 9 || total
-------------------------+-------+-------+-------++-------
Melee: Battleaxe         |    12 |       |       ||    12
       Staff             |    20 |    29 |       ||    49
       Unarmed           |       |       |     5 ||     5
 Cast: Foxfire           |    40 |    64 |    21 ||   125
       Static Discharge  |       |     5 |       ||     5
       Conjure Flame     |       |     1 |       ||     1
       Scorch            |       |     6 |     4 ||    10
       Inner Flame       |       |     1 |     3 ||     4
       Spider Form       |       |       |     1 ||     1
  Use: Scroll            |       |     6 |     2 ||     8
       Potion            |       |     2 |     1 ||     3
 Stab: Sleeping          |     3 |       |       ||     3
Armor: Robe              |     5 |    17 |       ||    22
       Skin              |       |       |     1 ||     1
Dodge: Dodged            |    27 |    26 |    26 ||    79
